 Dungeon Crawl Stone Soup version 0.21.3-3-g218456f21e (webtiles) character file.

25 CurlyBrace the Digger (level 2, 0/12 HPs)
             Began as a Felid Earth Elementalist on Feb 20, 2021.
             Slain by a black bear (1 damage)
             ... on level 3 of the Dungeon.
             The game lasted 00:03:36 (281 turns).

CurlyBrace the Digger (Felid Earth Elementalist)     Turns: 281, Time: 00:03:36

Health: 0/12       AC:  1    Str:  9    XL:     2   Next: 82%
Magic:  1/6        EV: 24    Int: 16    God:
Gold:   23         SH:  0    Dex: 21    Spells: 2/5 levels left
                                        Lives:  0   Deaths: 0

rFire    . . .     SeeInvis +   (weapon unavailable)
rCold    . . .     Gourm    .   (shield unavailable)
rNeg     . . .     Faith    .   (armour unavailable)
rPois    .         Spirit   .   (helmet unavailable)
rElec    .         Reflect  .   (cloak unavailable)
rCorr    .         Harm     .   (gloves unavailable)
MR       .....                  (boots unavailable)
Stlth    ++++......             (no amulet)
HPRegen  0.04/turn              (no ring)
MPRegen  0.10/turn              (no ring)

@: mighty, agile, quick
A: very small, no armour, no weapons or thrown items, stealth, claws 1, fangs 3,
see invisible, carnivore, speed 1, shaggy fur 1, slow metabolism 1, sharp paws
a: no special abilities


You were on level 3 of the Dungeon.
You were very full.

You visited 1 branch of the dungeon, and saw 3 of its levels.

You collected 23 gold pieces.

Inventory:

Missiles
 b - 16 stones
Scrolls
 c - a scroll of magic mapping
 x - 2 scrolls of remove curse
Potions
 a - 2 potions of agility
Books
 d - a book of Geomancy

   Spells                             Type                      Level
   a - Sandblast                      Earth                        1
   b - Passwall                       Transmutation/Earth          2
   c - Stone Arrow                    Conjuration/Earth            3
   d - Petrify                        Transmutation/Earth          4
   e - Lee's Rapid Deconstruction     Earth                        5
Comestibles
 e - 2 rations


   Skills:
 * Level 0.5 Fighting
 - Level 3.1 Dodging
 - Level 3.1 Stealth
 * Level 0.5 Unarmed Combat
 - Level 2.0 Spellcasting
 + Level 1.2 Transmutations
 - Level 3.1 Earth Magic


You had 2 spell levels left.
You knew the following spells:

 Your Spells              Type           Power        Failure   Level  Hunger
a - Sandblast             Erth           ##....       6%          1    #......
b - Passwall              Tmut/Erth      #.........   13%         2    ###....


Dungeon Overview and Level Annotations

Branches:
Dungeon (3/15)

Altars:
Trog
Xom


Innate Abilities, Weirdness & Mutations

You cannot wear armour.
You are incapable of wielding weapons or throwing items.
Your paws allow you to move quietly. (Stealth)
You have sharp claws.
You have razor-sharp teeth.
You have supernaturally acute eyesight. (SInv)
You are carnivorous and can eat meat at any time.
You cover ground quickly.
You are covered in fur. (AC +1)
You have a slow metabolism.
Your sharp claws are effective at attacking unaware monsters.


Message History

The black bear misses you. The black bear completely misses you.
Unknown command.
Unknown command.
You scratch the black bear.
The black bear is moderately wounded.
The black bear closely misses you. The black bear misses you.
The black bear completely misses you.
Unknown command.
Unknown command.
Your magical contamination has completely faded away.
You claw the black bear!
The black bear is severely wounded.
The black bear closely misses you. The black bear barely misses you.
The black bear misses you.
Unknown command.
You scratch the black bear.
The black bear is severely wounded.
The black bear completely misses you. The black bear closely misses you.
The black bear claws you.
You die...

#######+#######
#.............#
#.............#
#......#......#
#......#...l..#
#...#.†#..#h..#
#.. #..#(.#@..#
#. ###♣###...#
# #...# #...#
....# ...%#
...l# .....#


You could see a black bear, a leopard gecko and a frilled lizard (sleeping).

Vanquished Creatures
  An adder (D:2)
  A bat (D:1)
  2 giant cockroaches
  A goblin (D:3)
  4 hobgoblins (D:2)
  A jackal (D:3)
  A quokka (D:2)
  2 rats
13 creatures vanquished.

Notes
Turn   | Place    | Note
-------+----------+-------------------------------------------
     0 | D:1      | CurlyBrace the Felid Earth Elementalist began the quest for the Orb.
     0 | D:1      | Reached XP level 1. HP: 7/7 MP: 4/4
   123 | D:2      | Reached XP level 2. HP: 11/11 MP: 0/6
   127 | D:2      | Learned a level 2 spell: Passwall
   147 | D:2      | Found a bloodstained altar of Trog.
   198 | D:2      | Found a faded altar of an unknown god.
   216 | D:2      | Found a shimmering altar of Xom.
   259 | D:3      | Noticed a black bear
   281 | D:3      | Slain by a black bear

Skill      XL: |  1 |
---------------+----+-----
Dodging        | 3 |  3.1
Stealth        | 3 |  3.1
Earth Magic    | 3 |  3.1
Fighting       | |  0.5
Unarmed Combat | |  0.5
Spellcasting   | |  2.0
Transmutations | |  1.2

Action                   || total
-------------------------++-------
Melee: Unarmed           ||    15
 Cast: Sandblast         ||    14
       Passwall          ||     2
  Use: Scroll            ||     3
       Potion            ||     3
 Stab: Sleeping          ||     2
  Eat: Chunk             ||     5
Armor: Skin              ||     2
Dodge: Dodged            ||    46
